 Dungeon Crawl Stone Soup version 0.21.1-1-g345015f (webtiles) character file.

1372 chorionicmirror the Slasher (level 8, -1/58 HPs)
             Began as a Barachi Fighter on June 21, 2018.
             Was an Initiate of Okawaru.
             Slain by a gnoll
             ... wielding a +0 spear
              (3 damage)
             ... on level 6 of the Dungeon.
             The game lasted 00:26:30 (4976 turns).

chorionicmirror the Slasher (Barachi Fighter)       Turns: 4976, Time: 00:26:31

Health: -1/58      AC: 10    Str: 19    XL:     8   Next: 65%
Magic:  8/8        EV:  9    Int: 11    God:    Okawaru [......]
Gold:   343        SH: 10    Dex: 12    Spells: 7/7 levels left

rFire    + . .     SeeInvis +   a - +1 long sword
rCold    . . .     Gourm    +   c - +0 shield
rNeg     . . .     Faith    .   e - +3 ring mail {rF+}
rPois    +         Spirit   .   (helmet restricted)
rElec    .         Reflect  .   n - scarf {cloud immunity}
rCorr    .         Harm     .   (no gloves)
MR       .....     Clarity  +   p - +0 pair of boots
Stlth    +.........             t - amulet of the Skies Above {Gourm rPois Slay+2}
HPRegen  0.19/turn              b - ring of see invisible
MPRegen  0.11/turn              (no ring)

@: hasted, quick
A: +LOS, swims, antennae 1, clarity, clever 1, frail 1, slowness 1, strong legs
1
a: Hop, Renounce Religion


You were on level 6 of the Dungeon.
You worshipped Okawaru.
Okawaru was noncommittal.
You were completely stuffed.

You visited 2 branches of the dungeon, and saw 7 of its levels.

You collected 343 gold pieces.

Inventory:

Hand Weapons
 a - a +1 long sword (weapon)
 r - a +1 flail of protection
Armour
 c - a +0 shield (worn)
 e - a +3 ring mail of fire resistance (worn)
 n - a scarf of cloud immunity (worn)
 p - a +0 pair of boots (worn)
Jewellery
 b - a ring of see invisible (left hand)
 k - an uncursed amulet of magic regeneration
 t - the amulet of the Skies Above (around neck) {Gourm rPois Slay+2}
   (You took it off a crimson imp on level 5 of the Dungeon)

   [amulet of the gourmand]

   It allows you to eat raw meat even when not hungry.
   It affects your accuracy and damage with ranged weapons and melee attacks
   (+2).
   It protects you from poison.
Wands
 s - a wand of paralysis (2)
Scrolls
 g - a scroll of identify
 i - 2 scrolls of enchant weapon
 j - 3 scrolls of remove curse
 m - 5 scrolls of fog
 o - a scroll of amnesia
 u - a scroll of enchant armour
 x - a scroll of teleportation
Potions
 d - 2 potions of flight
 h - 4 potions of brilliance
 l - a potion of cancellation
Comestibles
 f - 8 rations
 z - a chunk of flesh


   Skills:
 + Level 6.9 Fighting
 * Level 7.1 Long Blades
 - Level 6.0 Armour
 - Level 2.0 Dodging
 - Level 2.0 Stealth
 + Level 6.3 Shields


You had 7 spell levels left.
You didn't know any spells.

Dungeon Overview and Level Annotations

Branches:
Dungeon (6/15)             Temple (1/1) D:4

Altars:
Dithmenos
Elyvilon
Fedhas
Gozag
Hepliaklqana
Kikubaaqudgha
Makhleb
Okawaru
Qazlal
Ru
Sif Muna
Trog
Uskayaw
Vehumet
Wu Jian
Xom
Yredelemnul
The Shining One

Shops:
D:4 (


Innate Abilities, Weirdness & Mutations

Shadows flee at your approach. (+LOS)
You can swim through water.
You cover ground slowly.
You can hop short distances.
You have a pair of small antennae on your head.
You possess an exceptional clarity of mind.
Your mind is acute. (Int +2)
You are frail. (-10% HP)


Message History

You feel like a meek peon again.
The gnoll hits you from afar with a halberd!
* * * LOW HITPOINT WARNING * * *
The gnoll hits you but does no damage.
You see here a gnoll corpse.
You closely miss the gnoll. You block the gnoll's attack.
The gnoll hits you but does no damage.
You feel better. The gnoll hits you but does no damage.
The gnoll closely misses you.
You hit the gnoll but do no damage. The gnoll hits you with a spear.
* * * LOW HITPOINT WARNING * * *
The gnoll hits you from afar with a halberd.
* * * LOW HITPOINT WARNING * * *
It was a potion of magic.
Magic courses through your body. The gnoll hits you but does no damage.
The gnoll hits you from afar with a halberd.
* * * LOW HITPOINT WARNING * * *
It was a potion of haste.
You feel yourself speed up. The gnoll hits you with a spear.
You die...

... #.. #.. #..
#.# ###### #
##.# #..... #.
.g#
########.####
#. #g#
#........#
####.###@#
{#.########
.......)†##.#.#
####........#.#
#####.####.#
#.# #.#
######.# #.#
#......# #.#
####.###.######
#.######
#........#
#....).#


You could see 2 gnolls.

Vanquished Creatures
  The ghost of Zubo the Firebug, an amateur HuFE (D:3)
  Sigmund (D:2)
  Eustachio (D:4)
  Edmund (D:4)
  An ice beast (D:6)
  2 ogres
  A crimson imp (D:5)
  A jelly (D:5)
  A bullfrog skeleton (D:5)
  2 bullfrog zombies (D:5)
  2 orc priests
  Terence (D:2)
  2 orc wizards (D:6)
  A worker ant (D:4)
  2 gnolls (D:6)
  8 adders
  A shadow imp (D:6)
  An ooze (D:6)
  3 worms
  4 dart slugs
  3 leopard geckos
  7 orcs
  8 giant cockroaches
  7 goblins
  10 hobgoblins
  5 jackals
  5 kobolds
  A quokka (D:2)
  11 bats
  5 rats
99 creatures vanquished.

Notes
Turn   | Place    | Note
-------+----------+-------------------------------------------
     0 | D:1      | chorionicmirror the Barachi Fighter began the quest for the Orb.
     0 | D:1      | Reached XP level 1. HP: 18/18 MP: 1/1
   143 | D:1      | Reached XP level 2. HP: 18/25 MP: 2/2
   144 | D:1      | Reached skill level 1 in Dodging
   348 | D:1      | Reached XP level 3. HP: 25/30 MP: 3/3
  1031 | D:2      | Reached skill level 3 in Long Blades
  1204 | D:2      | Noticed Sigmund
  1217 | D:2      | Killed Sigmund
  1217 | D:2      | Reached XP level 4. HP: 25/38 MP: 4/4
  1217 | D:2      | Reached XP level 5. HP: 29/43 MP: 5/5
  1347 | D:2      | Noticed Terence
  1367 | D:2      | Killed Terence
  1367 | D:2      | Reached skill level 4 in Long Blades
  1367 | D:2      | Reached XP level 6. HP: 36/50 MP: 6/6
  2039 | D:3      | Noticed Zubo's ghost (amateur HuFE)
  2056 | D:3      | Killed Zubo's ghost
  2056 | D:3      | Reached skill level 5 in Fighting
  2056 | D:3      | Reached skill level 5 in Armour
  2056 | D:3      | Reached skill level 1 in Stealth
  2056 | D:3      | Reached XP level 7. HP: 8/56 MP: 7/7
  2879 | D:4      | Noticed Eustachio
  2935 | D:4      | Killed Eustachio
  2935 | D:4      | Reached skill level 5 in Shields
  3221 | D:4      | Reached skill level 5 in Long Blades
  3402 | D:4      | Found Godwex's Weapon Shop.
  3405 | D:4      | Noticed Edmund
  3427 | D:4      | Killed Edmund
  3517 | D:4      | Found a staircase to the Ecumenical Temple.
  3573 | D:4      | Reached XP level 8. HP: 58/64 MP: 8/8
  3633 | Temple   | Entered the Ecumenical Temple
  3869 | Temple   | Became a worshipper of Warmaster Okawaru
  3929 | D:5      | Entered Level 5 of the Dungeon
  4189 | D:5      | Reached skill level 6 in Long Blades
  4189 | D:5      | Paralysed by a crimson imp for 6 turns
  4208 | D:5      | Got a scorched silver amulet
  4228 | D:5      | Gained mutation: You are frail. (-10% HP) [potion of mutation]
  4228 | D:5      | Gained mutation: You have a pair of small antennae on your head. [potion of mutation]
  4228 | D:5      | Gained mutation: Your mind is acute. (Int +2) [potion of mutation]
  4228 | D:5      | Gained mutation: You possess an exceptional clarity of mind. [potion of mutation]
  4365 | D:5      | Identified the amulet of the Skies Above {Gourm rPois Slay+2} (You took it off a crimson imp on level 5 of the Dungeon)
  4921 | D:6      | Reached skill level 7 in Long Blades
  4950 | D:6      | Reached * piety under Okawaru
  4975 | D:6      | HP: 2/58 [gnoll/halberd (1)]
  4976 | D:6      | Slain by a gnoll

Skill      XL: |  1  2  3  4  5  6  7  8 |
---------------+-------------------------+-----
Dodging        | 1 2 |  2.0
Long Blades    | 3 4 5 7 |  7.1
Fighting       | 4 5 6 |  6.9
Armour         | 4 5 6 |  6.0
Shields        | 4 5 6 |  6.3
Stealth        | 1 2 |  2.0

Action                   |  1- 3 |  4- 6 |  7- 9 || total
-------------------------+-------+-------+-------++-------
Melee: Long sword        |   128 |    86 |   249 ||   463
Invok: Heroism           |       |       |     1 ||     1
 Abil: Hop               |     2 |     2 |     2 ||     6
  Use: Potion            |     4 |     2 |     5 ||    11
       Scroll            |     3 |     5 |     4 ||    12
  Eat: Ration            |     1 |       |     2 ||     3
       Chunk             |       |     2 |    12 ||    14
Armor: Ring mail         |    74 |    27 |   144 ||   245
       Robe              |       |     5 |       ||     5
Dodge: Dodged            |    55 |    35 |   121 ||   211
Block: Shield            |    86 |    41 |   170 ||   297
       Rpst.: Long sword |    14 |    13 |    32 ||    59
